 Dungeon Sprint DCSS version 0.31.0-11-ge490571c62 (webtiles) character file.

Game seed: 24457821116520086

11753 boopmooplesden the Stickfighter (level 11, -13/171 HPs)
             Began as a Minotaur Gladiator on Jan 28, 2024.
             Was the Champion of Trog.
             Succumbed to poison (poison gas)
             ... in the Dungeon (Sprint VII: "The Pits").
             The game lasted 00:05:25 (2534 turns).

boopmooplesden the Stickfighter (MiGl)              Turns: 2534, Time: 00:05:26

Health: -13/171    AC: 29    Str: 22    XL:     11   Next: 53%
Magic:  10/10      EV: 12    Int:  5    God:    Trog [******]
Gold:   18         SH:  0    Dex: 13    Spells: 10/10 levels left

rFire   + . .        r - +4 quarterstaff (speed)
rCold   + . .        (shield currently unavailable)
rNeg    . . .        q - +6 plate armour
rPois   .            c - +2 hat
rElec   .            v - +0 cloak
rCorr   .            w - +0 pair of gloves
SInv    .            (no boots)
Will    .....        (no amulet) Stlth
                     z - ring of protection from cold
HPRegen 0.48/turn    C - ring of protection from fire
MPRegen 0.12/turn

%: no teleportation
@: berserking, lethally poisoned (-13 -> -121), on fire, glowing, very quick
A: horns 2, retaliatory headbutt
a: Renounce Religion, Berserk, Trog's Hand, Brothers in Arms


You were in the Dungeon.
You worshipped Trog.
Trog was exalted by your worship.
You visited 1 branch You collected 18 gold pieces.

Inventory:

Hand Weapons
 a - a +0 quarterstaff
 l - a +2 quarterstaff
 r - a +4 quarterstaff of speed (weapon)
 x - a +7 antimagic quarterstaff
 y - a +0 lajatang
Missiles
 d - 3 throwing nets (quivered)
 e - a javelin
Armour
 b - a +0 leather armour
 c - a +2 hat (worn)
 q - a +6 plate armour (worn)
 v - a +0 cloak (worn)
 w - a +0 pair of gloves (worn)
Jewellery
 s - a +3 ring of protection
 t - a +3 ring of evasion
 z - a ring of protection from cold (left hand)
 C - a ring of protection from fire (right hand)
Scrolls
 k - 2 scrolls of blinking
 n - 2 scrolls of vulnerability
 o - 5 scrolls of amnesia
 p - a scroll of summoning
 A - 3 scrolls of identify
 D - a scroll of fog
 F - a scroll of fear
Potions
 f - 7 potions of curing
 g - 20 potions of heal wounds
 h - 2 potions of haste
 i - 4 potions of magic
 j - 4 potions of berserk rage
 m - 2 potions of invisibility
 u - a potion of might
 E - 2 potions of mutation


   Skills:
 + Level 15.8 Fighting
 + Level 20.8 Staves
 + Level 5.1 Throwing
 + Level 17.0 Armour
 + Level 13.2 Dodging
 + Level 1.4 Stealth


You had 10 spell levels left.
You didn't know any spells.
Your spell library was empty.

Dungeon Overview and Level Annotations

Branches:
Dungeon (1/1)

Altars:
Cheibriados
Dithmenos
Elyvilon
Fedhas
Gozag
Hepliaklqana
Makhleb
Nemelex Xobeh
Okawaru
Qazlal
Ru
Sif Muna
Trog
Vehumet
Wu Jian
Xom
Yredelemnul
Zin
The Shining One
Jiyva
Lugonu


Innate Abilities, Weirdness & Mutations

You have a pair of horns on your head.
You reflexively headbutt those who attack you in melee.


Message History

You are covered in intense liquid fire!
You closely miss the smoke demon.
The smoke demon is moderately wounded.
You are engulfed in poison gas.
You are more poisoned.
The liquid fire burns you!
* * * LOW HITPOINT WARNING * * *
You feel very sick.
You sock the smoke demon!
The smoke demon is heavily wounded.
You are engulfed in poison gas.
You are more poisoned.
* * * LOW HITPOINT WARNING * * *
The liquid fire burns you!
* * * LOW HITPOINT WARNING * * *
x2 You feel very sick.
You hit the smoke demon.
The smoke demon is severely wounded.
You are engulfed in poison gas.
You are more poisoned.
* * * LOW HITPOINT WARNING * * *
The liquid fire burns you!
* * * LOW HITPOINT WARNING * * *
x2 You feel extremely sick.
The smoke demon gestures at you. Something smites you!
* * * LOW HITPOINT WARNING * * *
You sock the smoke demon!
You kill the smoke demon!
Trog accepts your kill.
You are engulfed in poison gas.
You are more poisoned.
* * * LOW HITPOINT WARNING * * *
The liquid fire burns you!
* * * LOW HITPOINT WARNING * * *
x2 You feel extremely sick.
Your Armour skill increases to level 17!
You shake off some of the fire as you move.
The liquid fire burns you!
* * * LOW HITPOINT WARNING * * *
You die...

#... #..# #..# #..# #######
#..# ..##..# #°.# ..##..#
#..# ..''..# #°○#
..''..##########@°#
..##.............°#
..##..)...........#
###################
############# ############
#..+...##...### #..........#
...#))##......###....#####'#
..##.)#........##!####.....##
.##...'.........###.........#


There were no monsters in sight!

Vanquished Creatures
  Frances (D)
  2 boulder beetles (D)
  A demonic crawler (D)
  2 death yaks (D)
  An occultist (D)
  A deep troll (D)
  A swamp dragon (D)
  A phantasmal warrior (D)
  A deep elf zephyrmancer (D)
  A cyclops (D)
  A smoke demon (D)
  A molten gargoyle (D)
  An orange demon (D)
  An unseen horror (D)
  A komodo dragon (D)
  Psyche (D)
  A guardian mummy (D)
  A hellwing (D)
  A polar bear (D)
  2 glass eyes (D)
  A tarantella (D)
  A jumping spider (D)
  A fire elemental (D)
  A fire bat (D)
  Eustachio (D)
  2 swamp drakes (D)
  A sky beast (D)
  A black bear (D)
  An ice beast (D)
  An ogre (D)
  A laughing skull (D)
  2 centaurs (D)
  2 phantoms (D)
  2 wolves (D)
  2 kobold brigands (D)
  A scorpion (D)
  7 killer bees (D)
  A gnoll bouda (D)
  An iron imp (D)
  An iguana (D)
  5 gnolls (D)
  3 river rats (D)
  An ufetubus (D)
  A ribbon worm (D)
  An orc (D)
  2 quokkas (D)
  A ball python (D)
  A bat (D)
  3 frilled lizards (D)
  2 rats (D)
74 creatures vanquished.

Notes
Turn   | Place    | Note
-------+----------+-------------------------------------------
     0 | D        | boopmooplesden the Minotaur Gladiator began the quest for
                  | the Orb.
     0 | D        | Reached XP level 1. HP: 18/18 MP: 0/0
    12 | D        | Reached skill level 4 in Staves
    39 | D        | Found a bloodstained altar of Trog.
    39 | D        | Found a shimmering blue altar of Sif Muna.
    39 | D        | Found a viscous altar of Jiyva.
    39 | D        | Found a hazy altar of Hepliaklqana.
    39 | D        | Found an opulent altar of Gozag.
    40 | D        | Found a glowing golden altar of the Shining One.
    40 | D        | Found a glowing silver altar of Zin.
    40 | D        | Found a basalt altar of Yredelemnul.
    40 | D        | Found a shimmering altar of Xom.
    40 | D        | Found an ornate altar of the Wu Jian Council.
    40 | D        | Found a sacrificial altar of Ru.
    40 | D        | Found a stormy altar of Qazlal.
    40 | D        | Found an iron altar of Okawaru.
    40 | D        | Found a sparkling altar of Nemelex Xobeh.
    40 | D        | Found a burning altar of Makhleb.
    40 | D        | Found a blossoming altar of Fedhas.
    40 | D        | Found a white marble altar of Elyvilon.
    40 | D        | Found a shadowy altar of Dithmenos.
    40 | D        | Found a snail-covered altar of Cheibriados.
    42 | D        | Found a corrupted altar of Lugonu.
    42 | D        | Found a radiant altar of Vehumet.
    43 | D        | Became a worshipper of Trog the Wrathful
    50 | D        | Noticed a glass eye
    61 | D        | Killed a glass eye
    62 | D        | Reached skill level 5 in Fighting
    62 | D        | Reached skill level 9 in Staves
    62 | D        | Reached skill level 1 in Armour
    62 | D        | Reached XP level 2. HP: 23/29 MP: 1/1
    62 | D        | Reached XP level 3. HP: 28/36 MP: 2/2
    62 | D        | Reached XP level 4. HP: 33/42 MP: 3/3
    62 | D        | Reached XP level 5. HP: 38/48 MP: 4/4
    71 | D        | Reached * piety under Trog
   114 | D        | Noticed a glass eye
   119 | D        | Killed a glass eye
   120 | D        | Reached skill level 11 in Staves
   120 | D        | Reached XP level 6. HP: 58/58 MP: 5/5
   121 | D        | Reached ** piety under Trog
   201 | D        | Reached *** piety under Trog
   216 | D        | Reached skill level 12 in Staves
   216 | D        | Reached skill level 10 in Dodging
   216 | D        | Reached XP level 7. HP: 50/66 MP: 6/6
   217 | D        | Reached **** piety under Trog
   229 | D        | Reached skill level 13 in Staves
   288 | D        | Reached ***** piety under Trog
   291 | D        | Noticed a deep troll
   296 | D        | Killed a deep troll
   297 | D        | Reached skill level 14 in Staves
   297 | D        | Reached skill level 5 in Throwing
   297 | D        | Reached XP level 8. HP: 75/75 MP: 7/7
   301 | D        | Reached skill level 15 in Staves
   304 | D        | Received a gift from Trog
   310 | D        | Reached skill level 5 in Armour
   351 | D        | Noticed a deep elf zephyrmancer
   361 | D        | Reached skill level 16 in Staves
   365 | D        | Killed a deep elf zephyrmancer
   366 | D        | Reached XP level 9. HP: 85/85 MP: 8/8
   556 | D        | Noticed a cyclops
   564 | D        | Reached skill level 17 in Staves
   567 | D        | Noticed a polar bear
   568 | D        | Killed a cyclops
   569 | D        | Reached skill level 10 in Fighting
   572 | D        | Reached ****** piety under Trog
   579 | D        | Killed a polar bear
   584 | D        | Reached skill level 18 in Staves
   828 | D        | Killed an unseen horror
   828 | D        | Received a gift from Trog
  1104 | D        | Noticed a death yak
  1108 | D        | Noticed a death yak
  1117 | D        | Killed a death yak
  1118 | D        | Reached skill level 10 in Armour
  1118 | D        | Reached XP level 10. HP: 94/96 MP: 9/9
  1119 | D        | Received a gift from Trog
  1123 | D        | Killed a death yak
  1124 | D        | Reached skill level 19 in Staves
  1289 | D        | Noticed Eustachio
  1313 | D        | Killed Eustachio
  1564 | D        | Received a gift from Trog
  1678 | D        | Noticed Psyche
  1678 | D        | Noticed Frances
  1678 | D        | Noticed an orange demon
  1686 | D        | Killed Psyche
  1697 | D        | Killed Frances
  1701 | D        | Killed an orange demon
  1971 | D        | Noticed an occultist
  1971 | D        | Noticed a demonic crawler
  1971 | D        | Noticed a boulder beetle
  1971 | D        | Noticed a boulder beetle
  1974 | D        | Received a gift from Trog
  1980 | D        | Killed a demonic crawler
  1981 | D        | Reached skill level 20 in Staves
  1981 | D        | Reached XP level 11. HP: 108/108 MP: 10/10
  1981 | D        | Noticed a phantasmal warrior
  1988 | D        | Killed an occultist
  1989 | D        | Reached skill level 15 in Armour
  1997 | D        | Killed a boulder beetle
  1998 | D        | Reached skill level 1 in Stealth
  2015 | D        | Killed a phantasmal warrior
  2015 | D        | Received a gift from Trog
  2047 | D        | Killed a boulder beetle
  2048 | D        | Reached skill level 15 in Fighting
  2515 | D        | Noticed a swamp dragon
  2525 | D        | Killed a swamp dragon
  2533 | D        | HP: 5/171 [poison (poison gas)]
  2534 | D        | Succumbed to poison (poison gas)

Illustrated notes

Levels and vault maps discovered:
D:        pitsprint [storerooms_1, entrance_room_1, metal_vault_7, armoury_1,
          mini_pit_1, grid_room_1, main_hall_1, silver_pit, the_coven_3,
          the_vestibule_1, steel_vault_2, golden_pit, hallway_of_sentries,
          crystal_vault_2, iron_vault_2, final_vault]

Skill      XL: |  1  2  3  4  5  6  7  8  9 10 11 |
---------------+----------------------------------+-----
Staves         | 9 11 12 14 16 18 20 | 20.8
Dodging        | 7 9 10 11 12 13 | 13.2
Fighting       | 5 6 7 8 9 11 13 15 | 15.8
Throwing       | 3 4 5 |  5.1
Armour         | 1 2 4 6 10 14 17 | 17.0
Stealth        | 1 |  1.4

Action                     |  1- 3 |  4- 6 |  7- 9 | 10-12 || total
---------------------------+-------+-------+-------+-------++-------
  Melee: Quarterstaff      |    11 |    29 |    94 |   154 ||   288
         Headbutt          |     2 |     4 |    17 |    48 ||    71
 Invoke: Berserk           |       |     1 |     6 |     4 ||    11
    Use: Scroll            |       |       |       |     6 ||     6
         Potion            |       |       |       |     1 ||     1
 Armour: Leather armour    |     5 |     3 |       |       ||     8
         Plate armour      |       |    12 |    76 |    79 ||   167
  Dodge: Dodged            |     7 |    14 |    28 |    61 ||   110
